Map: Data-C

Players

llllllllllll (herO)

  • Race: Protoss Protoss
  • League: Grandmaster
  • Spawn Location: 3:00

Bunny - Winner!

  • Race: Terran Terran
  • League: Silver
  • Spawn Location: 9:00

VOD

Have the link to the VOD?

Description

Time

  • Played on: Oct. 20, 2022, 7:38 a.m.
  • Length: 12:48
Show
View Real Time Build Order
Export as new Build Order

llllllllllll Protoss 

Build Orders: Oracle Opening, Phoenix Opening 

Get SALT Encoding   

  12  0:00  Probe  
  13  0:12  Probe  
  14  0:17  Pylon  
  14  0:24  Probe  
  15  0:35  Gateway  
  15  0:37  Probe (Chrono Boost)  
  16  0:44  Assimilator  
  17  0:50  Probe (Chrono Boost)  
  17  0:55  Probe (Chrono Boost)  
  18  0:57  Assimilator  
  18  1:03  Pylon  
  18  1:04  Probe  
  19  1:16  Probe  
  20  1:22  Cybernetics Core  
  20  1:28  Probe  
  23  1:40  Probe  
  23  1:56  Adept (Chrono Boost)  
  23  1:58  Nexus  
  24  2:08  Probe  
  25  2:13  Stargate  
  25  2:18  Adept  
  25  2:20  Probe  
  25  2:22  Warp Gate  
  28  2:32  Pylon  
  28  2:33  Probe  
  29  2:45  Probe  
  29  2:50  Adept  
  32  2:53  Oracle (Chrono Boost)  
  32  2:57  Probe  
  36  3:09  Probe  
  36  3:11  Probe  
  38  3:20  Oracle (Chrono Boost)  
  38  3:21  Probe  
  38  3:23  Probe  
  43  3:33  Probe  
  43  3:35  Probe  
  43  3:38  Pylon  
  44  3:45  Probe  
  44  3:47  Phoenix (Chrono Boost), Probe  
  48  3:57  Probe  
  48  3:59  Probe  
  50  4:05  Phoenix  
  50  4:07  Gateway  
  50  4:08  Gateway  
  52  4:13  Probe x2  
  50  4:25  Probe x2  
  50  4:30  Phoenix (Chrono Boost)  
  51  4:37  Probe x2  
  53  4:44  Pylon  
  53  4:49  Phoenix (Chrono Boost), Probe x2  
  53  4:51  Nexus  
  57  4:53  Assimilator x2  
  57  4:54  Pylon  
  57  4:59  Twilight Council  
  57  5:01  Probe  
  57  5:02  Probe  
  59  5:12  Phoenix  
  59  5:13  Probe  
  62  5:14  Probe  
  63  5:23  Pylon  
  63  5:25  Probe (Chrono Boost)  
  62  5:31  Resonating Glaives (Chrono Boost), Probe (Chrono Boost)  
  60  5:36  Phoenix (Chrono Boost), Gateway  
  60  5:39  Gateway, Probe (Chrono Boost)  
  60  5:41  Probe (Chrono Boost)  
  64  5:47  Adept x3  
  64  5:48  Probe  
  71  5:52  Gateway  
  71  5:55  Phoenix  
  73  6:02  Probe  
  76  6:05  Gateway  
  76  6:08  Gateway  
  74  6:18  Adept x2  
  78  6:20  Adept, Phoenix (Chrono Boost)  
  78  6:23  Probe x2  
  78  6:24  Probe  
  85  6:33  Pylon  
  85  6:36  Adept x2  
  85  6:38  Probe x2  
  91  6:41  Pylon  
  91  6:42  Phoenix (Chrono Boost), Probe  
  94  6:49  Adept x3  
  100  6:55  Adept  
  100  6:56  Adept x2  
  106  7:03  Adept x2  
  110  7:10  Pylon  
  110  7:11  Pylon  
  110  7:18  Adept  
  110  7:19  Adept x2  
  100  7:31  Adept x5  
  108  7:39  Adept x3  
  112  7:50  Probe x3  
  83  7:57  Adept x5  
  83  7:58  Forge  
  89  7:59  Adept x3, Phoenix  
  89  8:02  Probe x2  
  89  8:03  Probe  
  100  8:08  Robotics Facility  
  100  8:16  Assimilator  
  100  8:18  Assimilator  
  100  8:23  Sentry  
  100  8:24  Phoenix, Sentry x2  
  108  8:28  Shield Battery  
  108  8:29  Shield Battery  
  108  8:40  Shield Battery  
  108  8:46  Adept x6  
  108  8:47  Adept  
  112  8:56  Immortal (Chrono Boost)  
  112  9:01  Photon Cannon  
  112  9:02  Photon Cannon  
  110  9:11  Adept x2  
  110  9:12  Adept x4  
  122  9:19  Sentry x2  
  122  9:21  Photon Cannon  
  126  9:25  Pylon  
  126  9:29  Immortal (Chrono Boost)  
  126  9:30  Pylon  
  114  9:37  Stalker x2  
  110  9:41  Stalker  
  95  9:57  Adept  
  95  9:58  Adept x3  
  41  10:21  Sentry x2  
  41  10:22  Sentry, Stalker  
  47  10:54  Stalker  
  47  10:55  Stalker  
  51  11:05  Shield Battery  
  51  11:10  Shield Battery  
  51  11:15  Pylon  
  51  11:22  Stalker  
  53  11:29  Adept  
  50  11:57  Probe (Chrono Boost)  
  49  12:02  Stalker  
  48  12:09  Probe (Chrono Boost)  
  48  12:14  Probe (Chrono Boost)  
  25  12:23  Probe  
  25  12:27  Zealot x2  
  28  12:35  Probe  
Show
View Real Time Build Order
Export as new Build Order

Bunny Terran - Winner!

Build Orders: Reaper Expand 

Get SALT Encoding   

  12  0:00  SCV  
  13  0:12  SCV  
  14  0:17  Supply Depot  
  14  0:24  SCV  
  15  0:38  SCV  
  15  0:40  Barracks  
  15  0:42  Refinery  
  16  0:50  SCV  
  17  1:03  SCV  
  18  1:15  SCV  
  19  1:27  Reaper, Orbital Command  
  20  1:40  Command Center  
  20  1:49  Supply Depot  
  20  1:52  SCV  
  21  2:04  Factory, Marine  
  21  2:05  SCV  
  23  2:18  Command Center  
  23  2:19  SCV  
  24  2:23  Refinery  
  24  2:31  SCV  
  24  2:34  Supply Depot  
  24  2:36  Barracks Tech Lab  
  26  2:44  SCV  
  26  3:01  Cyclone  
  26  3:03  Barracks Reactor, SCV  
  30  3:15  SCV  
  30  3:17  Command Center  
  31  3:32  Orbital Command  
  31  3:33  Cyclone  
  34  3:37  SCV  
  34  3:40  Marine  
  36  3:49  SCV  
  36  3:54  Starport  
  36  3:55  Marine, Orbital Command  
  36  3:58  Marine  
  36  4:01  SCV  
  39  4:05  Bunker, Widow Mine  
  41  4:13  SCV, Marine  
  41  4:15  Marine  
  44  4:26  SCV  
  44  4:29  Cyclone  
  44  4:31  SCV, Marine  
  42  4:33  Marine  
  41  4:39  SCV, Viking  
  41  4:40  Orbital Command  
  44  4:46  Barracks  
  44  4:47  SCV  
  44  4:51  Marine x2  
  47  4:55  Barracks  
  47  4:57  SCV  
  47  4:59  SCV  
  49  5:12  SCV x3  
  52  5:16  Starport Tech Lab  
  52  5:21  Engineering Bay  
  52  5:22  Refinery  
  52  5:23  Engineering Bay, Refinery, Marine x2  
  52  5:27  Supply Depot  
  55  5:28  SCV x2  
  55  5:29  SCV  
  56  5:36  Factory Reactor  
  56  5:40  SCV x2  
  56  5:41  SCV, Starport Reactor  
  56  5:42  Stimpack  
  59  5:45  Marine x3  
  60  5:50  Terran Infantry Armor Level 1, Terran Infantry Weapons Level 1  
  60  5:55  SCV x3  
  60  5:56  Combat Shield  
  62  6:06  Marine x4  
  62  6:10  Barracks  
  62  6:11  Barracks  
  66  6:14  SCV x3  
  66  6:17  Medivac  
  71  6:20  Medivac  
  71  6:22  Widow Mine  
  71  6:24  Widow Mine  
  77  6:29  Supply Depot  
  77  6:30  Supply Depot  
  77  6:39  Supply Depot  
  77  6:43  Orbital Command  
  77  6:51  SCV, Widow Mine x2, Marauder, Marine x2  
  77  6:52  SCV, Marauder  
  89  7:01  Medivac x2  
  93  7:06  Supply Depot  
  93  7:07  Supply Depot  
  93  7:09  Armory, Barracks Tech Lab, Marine x2  
  93  7:10  Barracks Reactor  
  93  7:13  Marauder x2  
  93  7:15  Widow Mine x2  
  98  7:24  Orbital Command  
  98  7:26  Marine  
  98  7:27  Marine  
  92  7:34  Marauder  
  92  7:35  Concussive Shells, Marauder  
  92  7:36  Marauder  
  94  7:38  Widow Mine x2  
  94  7:44  Marine  
  94  7:45  Marine  
  94  7:49  SCV x2  
  81  7:52  Marine  
  81  7:53  Marine  
  81  7:55  Marine x2  
  81  7:57  Marauder  
  87  8:00  Widow Mine  
  87  8:02  Marine  
  87  8:03  Widow Mine, Marine  
  87  8:05  Medivac  
  95  8:09  Medivac  
  97  8:17  Marauder x2  
  101  8:22  Marine  
  101  8:37  Supply Depot, Marine x4  
  101  8:38  Supply Depot, Widow Mine x2  
  109  8:45  Medivac  
  108  8:50  Marauder  
  109  8:59  Widow Mine, Marauder, Marine x4  
  109  9:00  Widow Mine, Marine  
  109  9:01  Supply Depot  
  120  9:11  Medivac, Marauder  
  120  9:16  Marine  
  125  9:22  Medivac, Marine  
  125  9:23  Marauder  
  125  9:24  Marauder  
  132  9:29  Marine  
  97  9:49  Marine  
  88  10:03  Marine  
  88  10:04  Marine x2  
  53  10:25  Orbital Command  
  53  10:30  Orbital Command  
  52  11:03  Orbital Command  
  50  11:18  Orbital Command  
  37  12:33  SCV  
  37  12:34  SCV x2  
Tags
 
Add a new tag
Caveats
  • Supply blocks, unpowered buildings, or Contaminate may cause inaccurate times.
  • Supply counts are checked every 10 seconds.